Cogmind - Beta 15 @@@ ROGUE MODE // 2025.09.05 @ 21:28:11 Player: the Result: Destroyed by H-66 Slayer with Gauss Rifle Performance ------------- Evolutions (5) 2500 Regions Visited (7) 1400 Robots Destroyed (68) 340 Value Destroyed (1659) 1659 Prototype IDs (34) 680 Alien Tech Used (0) 0 Bonus (1262) 1262 TOTAL SCORE: 7841 Bonus ------- Follower Combat Kills 462 Registered with UFD 300 Met Optimus in HQ 500 Cogmind --------- Core Integrity 0/1000 Matter 292/300 Energy 40/100 System Corruption 13% Temperature Cool (0) Movement Core (50) Location -5/Factory Parts ------- > --- POWER (2) -------- (None) > --- PROPULSION (6) --- (None) > --- UTILITY (6) ------ Machine Analyzer Improved Signal Interpreter Experimental Core Analyzer > --- WEAPON (3) ------- (None) > --- INVENTORY (5) ---- Improved Trap Scanner ECM Suite Experimental Reaction Control System Advanced Trap Extractor (1/8 Segregator) PL-3XN's Ring of Power Peak State ------------ > --- POWER ------------ Micro Fission Core Micro Fission Core > --- PROPULSION ------- Improved Flight Unit Improved Flight Unit Improved Flight Unit Improved Flight Unit Diametric Drive Diametric Drive > --- UTILITY ---------- Advanced Heat Sink Improved Trap Scanner Advanced Sensor Array Improved Signal Interpreter Transport Network Coupler Experimental Reaction Control System > --- WEAPON ----------- Heavy Wave Gun Datajack Power Maul > --- INVENTORY -------- Experimental Core Analyzer ECM Suite Advanced Trap Extractor Gatling Laser PL-3XN's Ring of Power [Rating: 84] Favorites ----------- Power Light Nuclear Core Engine Improved Deuterium Engine Power Core Light Nuclear Core Propulsion Makeshift Leg Treads Light Treads Leg Makeshift Leg Wheel Armored Huge Wheel Flight Unit Improved Flight Unit Utility Large Storage Unit Device Seismic Detector Storage Large Storage Unit Processor Improved Signal Interpreter Hackware Hacking Suite Protection Improved Medium Armor Plating Weapon Gatling Laser Energy Gun Gatling Laser Energy Cannon Subdweller Beam Cannon Ballistic Gun Shotgun Launcher Subdweller Shrapnel Launcher Special Weapon Mining Laser Impact Weapon Power Maul Piercing Weapon Lance Special Melee Weapon Datajack Build | -11 -10 -10 -7 -7 -5 -5 -5 ------- Run | Yrd Mat Sub Rec Scr Fac Was Fac Slots Evolved 10 | . . . . . 10 . . Power 1 | . . . . . 1 . . Propulsion 4 | . . . . . 4 . . Utility 4 | . . . . . 4 . . Weapon 1 | . . . . . 1 . . Parts Attached 95 | 7 13 16 5 9 33 . 12 Power 15 | 1 2 3 2 2 3 . 2 Engine 10 | 1 1 3 1 2 . . 2 Core 5 | . 1 . 1 . 3 . . Reactor . | . . . . . . . . Propulsion 19 | 2 1 2 . 2 8 . 4 Treads 4 | 2 1 . . 1 . . . Leg 2 | . . 2 . . . . . Wheel 2 | . . . . 1 1 . . Hover . | . . . . . . . . Flight 11 | . . . . . 7 . 4 Utility 32 | 2 3 3 1 3 15 . 5 Device 18 | 1 1 2 . 1 12 . 1 Storage 4 | 1 2 . . 1 . . . Processor 4 | . . . . . 3 . 1 Hackware 4 | . . . 1 . . . 3 Protection 2 | . . 1 . 1 . . . Artifact . | . . . . . . . . Weapon 29 | 2 7 8 2 2 7 . 1 Energy Gun 7 | . 2 2 1 1 1 . . Energy Cannon 6 | . . 3 . 1 2 . . Ballistic Gun 8 | 2 4 2 . . . . . Ballistic Cannon . | . . . . . . . . Launcher 1 | . . 1 . . . . . Special Weapon 4 | . 1 . 1 . 2 . . Impact Weapon 1 | . . . . . 1 . . Slashing Weapon . | . . . . . . . . Piercing Weapon 1 | . . . . . . . 1 Special Melee Weapon 1 | . . . . . 1 . . Unidentified Prototypes 6 | . . 1 . . 4 . 1 Parts Lost 31 | . 1 5 . . 10 . 15 Power 5 | . 1 1 . . 2 . 1 Propulsion 11 | . . 2 . . 1 . 8 Utility 10 | . . 1 . . 5 . 4 Weapon 5 | . . 1 . . 2 . 2 Highest Loss Streak 8 | . 1 3 . . 8 . 6 To Critical Strikes . | . . . . . . . . Average Backups 11 | 3 11 14 13 11 2 4 4 Power . | . . 1 . . . . . Propulsion 4 | 1 3 6 4 3 . . . Utility 3 | . 1 3 5 2 . 3 3 Weapon 2 | 1 4 2 2 2 1 1 . Tool/Special . | . . . . . . . . Unused Backups 22 | . 7 4 4 6 . . 1 Power 2 | . 1 . . 1 . . . Propulsion 2 | . . 1 1 . . . . Utility 12 | . 6 2 1 2 . . 1 Weapon 4 | . . 1 1 2 . . . Tool/Special 2 | . . . 1 1 . . . Average Slot Usage (%) 88 | . 99 89 85 88 83 58 47 Engine 4 | . 11 1 . 6 2 . 1 Core 7 | . 2 7 11 7 5 . . Treads 8 | . 27 15 . . . . . Leg 9 | . . 10 24 9 . . . Wheel 2 | . . . . 8 . . . Flight 3 | . . . . . 28 23 11 Device 7 | . 14 10 3 . 22 11 6 Storage 11 | . 14 13 12 13 . . . Hackware 3 | . . . 6 7 . . 7 Protection 2 | . . 1 . 5 . . . Energy Gun 13 | . 1 1 23 27 4 5 1 Energy Cannon 2 | . . 8 . . 3 . . Ballistic Gun 7 | . 25 14 . . . . . Special Weapon 1 | . 1 2 1 . . . . Peak Build Rating 84 | 7 15 27 34 31 84 49 51 Average Rating 24 | 5 9 16 25 26 62 49 41 On Entrance 25 | . 7 13 27 25 31 49 49 Naked Turns . | . . . . . . . . Heaviest Build 51 | 13 32 44 36 51 33 11 16 Greatest Support 40 | 40 40 40 40 40 34 15 22 Greatest Overweight (x) 10 | . . 1 . 10 1 . 2 Average Overweight (x) . | . . . . . . . . Largest Inventory Capacity 15 | 8 15 15 15 15 15 5 5 Average Capacity 13 | 6 11 15 15 14 5 5 5 Most Carried 15 | 6 15 15 15 15 14 5 5 Average Carried 12 | 4 11 14 14 12 4 5 4 Final Capacity 15 | 8 15 15 15 15 5 5 5 Final Carried 15 | 6 15 14 15 15 5 5 5 Class Distribution -------------------- 31% | Commander-Mutant 31% | Mutant 24% | Scavenger-Mutant 5% | Ninja Dominant Class ---------------- Mutant | -10/Materials Mutant | -10/Subcaves Scavenger-Mutant | -7/Recycling Commander-Mutant | -7/Scraptown Ninja | -5/Factory Scout | -5/Waste Hacker-Mutant | -5/Factory Resources | -11 -10 -10 -7 -7 -5 -5 -5 ----------- Run | Yrd Mat Sub Rec Scr Fac Was Fac Matter Collected 2212 | 308 367 599 150 151 445 . 192 Remotely . | . . . . . . . . Salvage Created 3230 | 127 608 537 729 249 659 . 321 Parts 157 | 8 34 38 27 9 22 . 19 Haulers Intercepted 7 | . 2 . . . 5 . . Recyclers Shooed 6 | . 1 . 3 . 2 . . Parts Field Recycled 25 | . . . . 25 . . . Retrieved Matter 180 | . . . . 180 . . . Parts Self-Destructed 16 | . . 16 . . . . . Prevented . | . . . . . . . . Kills | -11 -10 -10 -7 -7 -5 -5 -5 ------- Run | Yrd Mat Sub Rec Scr Fac Was Fac Combat Hostiles Destroyed 30 | . 10 11 3 4 . . 2 Melee 2 | . . . . . . . 2 Guns 25 | . 10 8 3 4 . . . Cannons 3 | . . 3 . . . . . Classes Destroyed 15 | 2 5 4 . 3 1 . . Worker 4 | . 1 . . . 3 . . Builder 5 | . 1 . 1 1 2 . . Tunneler 4 | 4 . . . . . . . Hauler 7 | . 2 . . . 5 . . Recycler 9 | 1 . . 6 . . . 2 Operator 2 | . . . . . 1 . 1 Turret 1 | . . 1 . . . . . Watcher 6 | . 3 . . . 3 . . Swarmer 3 | . . 1 . . . . 2 Grunt 10 | . 10 . . . . . . Sentry 4 | . . 1 3 . . . . Subdweller 9 | . . 9 . . . . . Explorer 1 | . . . . 1 . . . Ranger 1 | . . . . 1 . . . Scrapper 2 | . . . . 2 . . . Best Kill Streak 4 | 1 3 2 4 3 4 . 2 Combat Bots Only 3 | . 2 2 1 3 . . 2 Max Kills in Single Turn 3 | 1 1 2 1 1 3 . 1 Gunslinging 1 | . . 1 . . . . . Exploded . | . . . . . . . . Melee 1 | . . . . . . . 1 Uniques/NPCs Destroyed . | . . . . . . . . Combat | -11 -10 -10 -7 -7 -5 -5 -5 -------- Run | Yrd Mat Sub Rec Scr Fac Was Fac Hostile Shots Fired 542 | . 52 70 18 43 186 . 173 Missed 252 | . 10 20 11 11 110 . 90 Hits 290 | . 42 50 7 32 76 . 83 Melee 3 | . . . . 2 1 . . Projectile 287 | . 42 50 7 30 75 . 83 AOE 1 | . . . . . 1 . . Critical Strikes 12 | . . 2 . 3 3 . 4 Damage Taken 4316 | . 532 866 41 267 1304 . 1306 Core 1252 | . 96 79 11 60 289 . 717 Absorbed by Shields 208 | . . . 38 170 . . . Regen/Repaired (Parts) 201 | . 144 . . . 57 . . Core Remaining (%) 50 | 100 . . . 1 . . . Volleys Fired 316 | 19 102 81 45 20 43 . 6 Largest 3 | 2 2 2 2 2 3 . 1 Hottest 250 | 40 100 180 140 160 250 . 80 Shots Fired 507 | 38 187 129 57 24 65 . 7 Gun 355 | 38 170 62 31 11 36 . 7 Cannon 85 | . . 44 . 13 28 . . Launcher 2 | . . 2 . . . . . Special 65 | . 17 21 26 . 1 . . Kinetic 250 | 38 154 58 . . . . . Thermal 230 | . 33 71 31 24 64 . 7 Explosive . | . . . . . . . . Electromagnetic . | . . . . . . . . Robot Hit Streak 42 | 11 8 42 24 9 14 . 16 Robot Miss Streak 6 | 2 6 3 4 2 2 . 3 Penetration Max . | . . . . . . . . Secondary Targets 2 | . 1 1 . . . . . Max Gunslinging Chain 1 | . 1 1 . . . . . Shots Hit Robots 313 | 30 109 74 37 10 41 . 12 Core Hits 148 | 11 42 29 13 11 31 . 11 Critical Kills 3 | . . 2 . . 1 . . Critical Parts Destroyed 1 | . . . . . 1 . . Critical Strikes 4 | . . 2 . . 2 . . Meltdown 2 | . . 2 . . . . . Smash 2 | . . . . . 2 . . Melee Attacks 22 | . . . . . 9 . 13 Impact 9 | . . . . . 9 . . Slashing . | . . . . . . . . Piercing 13 | . . . . . . . 13 Sneak Attacks 2 | . . . . . 2 . . Combat Hostiles . | . . . . . . . . Follow-up Attacks . | . . . . . . . . Damage Inflicted 5462 | 236 1076 1517 461 235 1532 . 405 Guns 3993 | 236 1052 1005 461 235 824 . 180 Cannons 684 | . . 512 . . 172 . . Explosions 168 | . . . . . 168 . . Melee 593 | . . . . . 368 . 225 Ramming . | . . . . . . . . Kinetic 2033 | 236 918 879 . . . . . Thermal 2836 | . 158 638 461 235 1164 . 180 Explosive . | . . . . . . . . Electromagnetic . | . . . . . . . . Impact 368 | . . . . . 368 . . Slashing . | . . . . . . . . Piercing 225 | . . . . . . . 225 Highest Corruption 13 | . . . . . 5 13 13 Average Corruption 7 | . . . . . 2 8 13 Corruption Purged . | . . . . . . . . Corruption Blocked . | . . . . . . . . Effects 23 | . . . . . 6 1 16 Message Errors 4 | . . . . . 2 . 2 Matter Fused 8 | . . . . . 1 1 6 Heat Flow Errors 2 | . . . . . 2 . . Parts Fused 1 | . . . . . . . 1 Data Loss (minor) 5 | . . . . . 1 . 4 Misfires 1 | . . . . . . . 1 Misdirections 2 | . . . . . . . 2 Overload Shots . | . . . . . . . . Overflow Damage 190 | . . . . . 182 . 8 Projectiles 2 | . . . . . 2 . . Explosions 48 | . . . . . 48 . . Melee 140 | . . . . . 132 . 8 Knockbacks 2 | . . . . . 2 . . Impact 2 | . . . . . 2 . . Kinetic . | . . . . . . . . Secondary . | . . . . . . . . Self-Inflicted Damage . | . . . . . . . . Shots . | . . . . . . . . Rammed . | . . . . . . . . Targets Rammed . | . . . . . . . . Kicked . | . . . . . . . . Crushed . | . . . . . . . . Highest Temperature 481 | . 142 135 312 385 481 . 36 Average Temperature 91 | . 33 33 122 166 91 . 15 Received Heat Transfer 966 | . 297 249 9 96 162 . 153 Effects 6 | . . . 2 2 2 . . Energy Bleed 1 | . . . 1 . . . . Interference 5 | . . . 1 2 2 . . Siege Activations . | . . . . . . . . Martial Activations . | . . . . . . . . Shielding Activations . | . . . . . . . . Robots Disrupted . | . . . . . . . . Combat Hostiles . | . . . . . . . . Robots Corrupted 2 | . . . . . 2 . . Combat Hostiles . | . . . . . . . . Parts Fried 3 | . . . . . 3 . . Impact Corruptions 5 | . . . . . 5 . . Robots Melted 2 | . . 2 . . . . . Combat Hostiles 1 | . . 1 . . . . . Parts Melted 12 | . . 4 1 4 2 . 1 Heat Transferred 4887 | . 420 816 764 340 2172 . 375 Parts Sabotaged 2 | . . . . . 2 . . Parts Stolen . | . . . . . . . . Parts Stripped . | . . . . . . . . Power Chain Reactions . | . . . . . . . . Alert | -11 -10 -10 -7 -7 -5 -5 -5 ------- Run | Yrd Mat Sub Rec Scr Fac Was Fac Maximum Alert Level 1 | . . . . . 1 . 1 Low Security (%) 96 | 100 100 . 100 . 86 100 96 Level 1 3 | . . . . . 13 . 3 Level 2 . | . . . . . . . . Level 3 . | . . . . . . . . Level 4 . | . . . . . . . . Level 5 . | . . . . . . . . High Security . | . . . . . . . . Max Security . | . . . . . . . . Peak Influence 269 | 5 67 . 44 . 269 94 208 Initial 94 | . . . . . . 94 58 Average 44 | . 20 . 5 . 138 91 88 Influence Increases 1907 | 25 362 85 198 . 799 . 438 Destroy 0b10 Robot/C 420 | . 200 60 120 . . . 40 Destroy 0b10 Robot/NC 195 | 25 35 . 50 . 70 . 15 Destroy Leader 86 | . 50 10 . . 16 . 10 Allied During Kill 16 | . . . 16 . . . . Trap Triggered on 0b10 60 | . . . . . 60 . . Successful Hack 164 | . 53 . 11 . 72 . 28 Disable Machine 120 | . . . . . 120 . . Destroy Structure 96 | . 9 . 1 . 86 . . Partial Spotted 90 | . . . . . 60 . 30 Lose Combat Pursuer 660 | . 15 15 . . 315 . 315 Influence Decreases 1714 | 25 348 99 190 8 530 185 329 Entered New Map 216 | . . 7 . 8 . 175 26 Time Decay 1218 | 25 338 85 150 . 430 10 180 Lost Part 240 | . 10 7 . . 100 . 123 Lost Ally 40 | . . . 40 . . . . Squads Dispatched 14 | . 1 . . . 9 . 4 Investigation 5 | . 1 . . . 1 . 3 Extermination 7 | . . . . . 6 . 1 Reinforcement 2 | . . . . . 2 . . Assault . | . . . . . . . . Garrison . | . . . . . . . . Intercept . | . . . . . . . . Searches Triggered . | . . . . . . . . Construction Impeded . | . . . . . . . . Haulers Reinforced . | . . . . . . . . Active Scanning Responses . | . . . . . . . . Cargo Convoy Interrupts 1 | . . . . . 1 . . Stealth | -11 -10 -10 -7 -7 -5 -5 -5 --------- Run | Yrd Mat Sub Rec Scr Fac Was Fac Distress Signals 9 | . 4 . . . 4 . 1 Communications Jammed . | . . . . . . . . Distress Signals . | . . . . . . . . Times Spotted 211 | . 17 14 6 16 111 5 42 Peak Tracking Total 15 | . 3 2 2 15 13 5 15 Tactical Retreats 31 | . 1 1 . . 21 . 8 Traps | -11 -10 -10 -7 -7 -5 -5 -5 ------- Run | Yrd Mat Sub Rec Scr Fac Was Fac Traps Triggered 3 | . 1 . . . 1 . 1 Indirectly . | . . . . . . . . Trap Hack Attempts 76 | . . . . . 76 . . Triggered . | . . . . . . . . Disarmed . | . . . . . . . . Reprogrammed 7 | . . . . . 7 . . Reused 6 | . . . . . 6 . . Traps Extracted 5 | . . . . . 5 . . Installed 5 | . . . . . 5 . . Triggered 6 | . . . . . 6 . . Most Traps Carried 4 | . . . . 1 4 1 1 Machines | -11 -10 -10 -7 -7 -5 -5 -5 ---------- Run | Yrd Mat Sub Rec Scr Fac Was Fac Machines Disabled 14 | . . 2 . 4 8 . . Max in Single Turn 6 | . . 1 . 1 6 . . Machines Repaired . | . . . . . . . . Machines Dismantled . | . . . . . . . . Machines Sabotaged . | . . . . . . . . Overloaded Fab Kills . | . . . . . . . . Hacking | -11 -10 -10 -7 -7 -5 -5 -5 --------- Run | Yrd Mat Sub Rec Scr Fac Was Fac Machines Accessed 41 | . 10 2 11 4 9 . 5 Terminals 21 | . 8 . 4 . 5 . 4 Fabricators 1 | . . . . . 1 . . Repair Stations 3 | . 1 . . . 1 . 1 Recycling Units 10 | . 1 . 7 . 2 . . Scanalyzers . | . . . . . . . . Garrison Access . | . . . . . . . . Total Hacks 116 | . 37 13 21 14 18 . 13 Successful 70 | . 20 13 10 14 9 . 4 Failed 46 | . 17 . 11 . 9 . 9 Catastrophic 6 | . . . 1 . 5 . . Database Lockouts . | . . . . . . . . Manual 29 | . 15 . 6 . 5 . 3 Terminals 60 | . 31 . 7 . 11 . 11 Fabricators 1 | . . . . . 1 . . Repair Stations 8 | . 5 . . . 1 . 2 Recycling Units 20 | . 1 . 14 . 5 . . Scanalyzers . | . . . . . . . . Garrison Access . | . . . . . . . . Terminal Hacks 47 | . 12 13 2 14 3 . 3 Record 25 | . . 12 . 13 . . . Part Schematic 1 | . . . 1 . . . . Robot Analysis 6 | . 4 . . . 2 . . Prototype ID Bank 6 | . 3 . 1 . 1 . 1 Branch Access Points 1 | . . . . . . . 1 Machine Index 1 | . 1 . . . . . . Terminal Index 1 | . . . . . . . 1 Locate Traps 3 | . 3 . . . . . . Registered Components 1 | . 1 . . . . . . Proto ID Catalog 2 | . . 1 . 1 . . . Fabricator Hacks 1 | . . . . . 1 . . Network Status 1 | . . . . . 1 . . Repair Station Hacks 5 | . 4 . . . . . 1 Scan Component 2 | . 2 . . . . . . Repair 2 | . 2 . . . . . . Refit 1 | . . . . . . . 1 Recycling Unit Hacks 11 | . 1 . 8 . 2 . . Report Inventory 2 | . . . 2 . . . . Retrieve Matter 1 | . . . . . 1 . . Retrieve Components 8 | . 1 . 6 . 1 . . Scanalyzer . | . . . . . . . . Garrison Access Hacks . | . . . . . . . . Unauthorized Hacks 6 | . 3 . . . 3 . . Terminals 5 | . 3 . . . 2 . . Botnet 5 | . 3 . . . 2 . . Fabricators . | . . . . . . . . Repair Stations 1 | . . . . . 1 . . Patch 1 | . . . . . 1 . . Recycling Units . | . . . . . . . . Scanalyzers . | . . . . . . . . Garrison Access . | . . . . . . . . Data Cores Recovered 1 | . . . . . . . 1 Used . | . . . . . . . . Hacking Detections 29 | . 9 . 8 . 8 . 4 Full Trace Events 2 | . . . . . . . 2 Feedback Events . | . . . . . . . . Feedback Blocked . | . . . . . . . . Robot Schematics Acquired . | . . . . . . . . Robots Built . | . . . . . . . . Authchips . | . . . . . . . . Time . | . . . . . . . . Total Robot Build Rating . | . . . . . . . . Part Schematics Acquired 1 | . . . 1 . . . . Parts Built . | . . . . . . . . Authchips . | . . . . . . . . Time . | . . . . . . . . Total Part Build Rating . | . . . . . . . . Parts Repaired 2 | . 2 . . . . . . Time 64 | . 64 . . . . . . Parts Recycled . | . . . . . . . . Recycled Matter . | . . . . . . . . Retrieved Matter . | . . . . . . . . Retrieved Components 39 | . 2 . 35 . 2 . . Parts Scanalyzed . | . . . . . . . . Part Schematics Acquired . | . . . . . . . . Parts Damaged . | . . . . . . . . Bothacking | -11 -10 -10 -7 -7 -5 -5 -5 ------------ Run | Yrd Mat Sub Rec Scr Fac Was Fac Used RIF Installer . | . . . . . . . . Robots Hacked 2 | . . . 2 . . . . Non-combat 1 | . . . 1 . . . . Combat 1 | . . . 1 . . . . Robot Hacks Applied 2 | . . . 2 . . . . parse_system 2 | . . . 2 . . . . Relay Couplers Released . | . . . . . . . . Fabnet Peak Effective % . | . . . . . . . . Robots Rewired 15 | . . . 15 . . . . Allies Hacked . | . . . . . . . . Hacks Repelled . | . . . . . . . . Allies | -11 -10 -10 -7 -7 -5 -5 -5 -------- Run | Yrd Mat Sub Rec Scr Fac Was Fac Total Allies 15 | . . . 15 . . . . Largest Group 11 | . . . 11 11 . . . Highest-Rated Group 244 | . . . 244 244 . . . Highest-Rated Ally 40 | . . . 40 40 . . . Total Orders 8 | . . . . 8 . . . STAY 4 | . . . . 4 . . . FOLLOW 1 | . . . . 1 . . . AID 3 | . . . . 3 . . . Ally Attacks 50 | . . . 16 34 . . . Total Damage 1947 | . . . 568 1379 . . . Kills 18 | . . . 3 15 . . . Allies Corrupted . | . . . . . . . . Allies Melted 3 | . . . . 3 . . . Intel | -11 -10 -10 -7 -7 -5 -5 -5 ------- Run | Yrd Mat Sub Rec Scr Fac Was Fac Active Infowar (turns) 4811 | 30 1156 2274 . . 1233 25 93 Optics 192 | . . 192 . . . . . Sensors 1024 | . . . . . 945 25 54 Traps 1265 | . . . . . 1218 25 22 Seismic 3687 | 30 1156 2082 . . 419 . . T.N.C. 434 | . . . . . 434 . . Machine Analysis 39 | . . . . . . . 39 ECM 551 | . . . . . 551 . . Robot Analysis Total 6 | . 4 . . . 2 . . Derelict Logs Recovered 4 | . . 1 . 3 . . . Drone Launches . | . . . . . . . . Drone Recoveries . | . . . . . . . . Exploration | -11 -10 -10 -7 -7 -5 -5 -5 ------------- Run | Yrd Mat Sub Rec Scr Fac Was Fac Turns Passed 13576 | 187 1798 3722 2221 3962 1273 25 388 Spaces Moved 11034 | 77 852 2158 1402 2763 2918 73 791 Core 50 | 1 . . . 8 . . 41 Treads 2074 | 76 852 1146 . . . . . Legs 3375 | . . 1012 1402 961 . . . Wheels 1871 | . . . . 1794 77 . . Hover . | . . . . . . . . Flight 3664 | . . . . . 2841 73 750 Fastest Speed 21 | 50 160 140 140 100 21 34 28 Average Speed 103 | 158 160 154 140 124 30 34 38 Slowest Speed 550 | 160 160 210 140 550 115 34 150 Overloaded Moves . | . . . . . . . . Propulsion Burnouts . | . . . . . . . . Robots Hopped 36 | . . . . . 17 . 19 Potential Cave-ins 2 | . . . . 2 . . . Cave-ins Triggered . | . . . . . . . . Exploration Rate (%) 68 | 8 93 87 99 90 62 76 32 Regions Visited 7 Branch Regions 3 Pre-discovered Areas 1 | . . . . 1 . . . Known Exits Taken . | . . . . . . . . Unknown Exits Taken 5 | 1 1 1 1 1 . . . Scrap Searched 13 | . . 6 . 7 . . . Spaces Dug 52 | . 7 26 . 3 16 . . Terrain Destroyed 124 | . 16 49 . 10 49 . . Melee 2 | . . . . . 2 . . Projectile 52 | . 16 5 . 10 21 . . AOE 70 | . . 44 . . 26 . . Terrain Rammed . | . . . . . . . . Walls Destroyed . | . . . . . . . . Machines Disabled . | . . . . . . . . Actions | -11 -10 -10 -7 -7 -5 -5 -5 --------- Run | Yrd Mat Sub Rec Scr Fac Was Fac Total 12583 | 108 1094 2379 1618 3283 3201 72 828 Wait 746 | . 87 72 59 417 95 . 16 Move 10962 | 76 851 2157 1401 2762 2886 72 757 Hop 30 | . . . . . 15 . 15 Pick Up 83 | 6 20 15 9 28 5 . . Fast Attach 55 | 7 2 6 1 9 18 . 12 Attach 24 | . . 7 2 2 13 . . Detach 3 | . . 1 . . 1 . 1 Swap 66 | . 17 21 3 7 17 . 1 Drop 106 | . 15 19 9 38 18 . 7 Fire 316 | 19 102 81 45 20 43 . 6 Melee 22 | . . . . . 9 . 13 Ram . | . . . . . . . . Kick . | . . . . . . . . Crush . | . . . . . . . . Escape Stasis . | . . . . . . . . Rewire 89 | . . . 89 . . . . Trap 81 | . . . . . 81 . . Miscellaneous . | . . . . . . . . Route ------- -11/Scrapyard -10/Materials (discovered 5 exits: [*Mat x2] / [*Min x2] / *Sub) -10/Subcaves (discovered 3 exits: [*Mat] / *Rec / *Scr) -7/Recycling (discovered 2 exits: *Fac / *Scr) -7/Scraptown (discovered 2 exits: *Fac x2) -5/Factory (discovered 2 exits: [*Fac] / *Upp) -5/Waste -5/Factory (discovered 2 exits: Upp x2) History --------- Turn | Location | Event 7 | -11/Scrapyard | Discovered new exit (range 15) 188 | -11/Scrapyard | Entered Materials 303 | -10/Materials | Build established: Mutant 333 | -10/Materials | Discovered new exit (range 16) 843 | -10/Materials | Discovered new exit (range 14) 909 | -10/Materials | Discovered new exit (range 6) 995 | -10/Materials | Discovered new exit (range 3) 1712 | -10/Materials | Repaired Lgt. Treads 1751 | -10/Materials | Repaired Lgt. Nuclear Core 1908 | -10/Materials | Discovered new exit (range 16) 1986 | -10/Materials | Entered Subcaves 1987 | -10/Subcaves | Approached by a straggling Scientist 2141 | -10/Subcaves | Shifting Twisted Machinery released Sub. Power Source 2612 | -10/Subcaves | Core integrity fell below 50% 3037 | -10/Subcaves | Shifting Twisted Machinery released Sub. Monowheel 4096 | -10/Subcaves | Lost 3 parts (1p2n) 4167 | -10/Subcaves | Discovered new exit (range 14) 4298 | -10/Subcaves | Learned Materials stockpile data 4411 | -10/Subcaves | A swath of the cavern ceiling suddenly collapsed 4476 | -10/Subcaves | Build established: Scavenger-Mutant 4569 | -10/Subcaves | Visited Clippyterm 4573 | -10/Subcaves | Learned Research security intel 4573 | -10/Subcaves | Learned Factory trap positions 4591 | -10/Subcaves | Scientist uncovered a shortcut to Scraptown 4609 | -10/Subcaves | Discovered new exit (range 6) 4973 | -10/Subcaves | Visited 4L-MR0's lab 4997 | -10/Subcaves | Found Prototype Device 4997 | -10/Subcaves | Identified Power Bank 4999 | -10/Subcaves | Attached Power Bank, gained temporary slots: Power x3 5310 | -10/Subcaves | Shifting Twisted Machinery released Slug Cannon 5318 | -10/Subcaves | Shifting Twisted Machinery released Sub. Laser 5708 | -10/Subcaves | Entered Recycling 6598 | -7/Recycling | Discovered new exit (range 16) 6878 | -7/Recycling | Scanned before Scraplab entrance 7868 | -7/Recycling | Build established: Commander-Mutant 7885 | -7/Recycling | Entered Scraplab 7897 | -7/Recycling | Discovered new exit (range 3) 7929 | -7/Recycling | Entered Scraptown 7929 | -7/Scraptown | Accompanied by 11 allies 8302 | -7/Scraptown | Visited Comm Corps 8411 | -7/Scraptown | Scanned Subdweller tech in exchange for log data 8414 | -7/Scraptown | Learned Research security intel 8415 | -7/Scraptown | Learned Research interactive machine intel 8417 | -7/Scraptown | Learned Factory emergency access door positions 8451 | -7/Scraptown | Visited TADAMA 8486 | -7/Scraptown | Visited Fellowship of the Rings 8559 | -7/Scraptown | Visited Awakened 8594 | -7/Scraptown | Visited Cave Peace 8673 | -7/Scraptown | Visited Cyclists 8789 | -7/Scraptown | Visited Symbiants 9053 | -7/Scraptown | Discovered new exit (range 9) 9209 | -7/Scraptown | Visited UFD Registry 9209 | -7/Scraptown | Registered with UFD as "Pulsebrain" 9241 | -7/Scraptown | Visited LU-1G1's Boring Crew 9262 | -7/Scraptown | Visited DA-N13 Charitable Foundation 9268 | -7/Scraptown | Found DCF Scrap (31 items) 9401 | -7/Scraptown | Visited Science Testing Area 9434 | -7/Scraptown | Delivered Scrap Shield to a Scientist 9517 | -7/Scraptown | Visited Scrapoid Pod Storage 9561 | -7/Scraptown | Visited Modified Component R&D 9630 | -7/Scraptown | Visited Research Penetration Think Tank 9660 | -7/Scraptown | Visited Science Guys 9726 | -7/Scraptown | Visited Derelict Rescue Squad 9733 | -7/Scraptown | Found DRS Beacon 9876 | -7/Scraptown | Discovered new exit (range 3) 10083 | -7/Scraptown | Entered Cyclist Reading Room 11333 | -7/Scraptown | Met Optimus 11333 | -7/Scraptown | Accepted into 0bPrime 11733 | -7/Scraptown | Civil war broke out across Scraptown 11744 | -7/Scraptown | Found PL-3XN's Ring of Power 11836 | -7/Scraptown | Core integrity fell below 20% 11891 | -7/Scraptown | Entered Factory 11891 | -5/Factory | Evolved 10 slots: Power x1, Propulsion x4, Utility x4, Weapon x1 11892 | -5/Factory | Loaded intel: 113 trap records 11917 | -5/Factory | Lost 22 allies 12228 | -5/Factory | Discovered new exit (range 6) 12439 | -5/Factory | Discovered new exit (range 8) 12516 | -5/Factory | Spotted B-75 Beast 12617 | -5/Factory | Build established: Ninja 13049 | -5/Factory | Cargo convoy interrupted 13069 | -5/Factory | Found Prototype Processor 13100 | -5/Factory | Identified Exp. Core Analyzer 13156 | -5/Factory | Lost 8 parts (2p1n4u1w) 13164 | -5/Factory | Sucked down chute 13164 | -5/Factory | Entered Waste 13167 | -5/Waste | Spotted C-40 Crusher 13179 | -5/Waste | EMP discharged 13179 | -5/Waste | System corruption reached 10% 13181 | -5/Waste | Spotted C-40 Crusher 13182 | -5/Waste | Spotted C-40 Crusher 13183 | -5/Waste | Spotted C-40 Crusher 13183 | -5/Waste | Spotted C-40 Crusher 13184 | -5/Waste | Discovered new exit (range 13) 13184 | -5/Waste | Spotted C-40 Crusher 13189 | -5/Waste | Identified exit to Factory 13189 | -5/Waste | Entered Factory 13290 | -5/Factory | Identified exit to Upper Caves 13375 | -5/Factory | Lost 4 parts (1p2n1u) 13470 | -5/Factory | Core integrity fell below 50% 13508 | -5/Factory | Core integrity fell below 20% 13549 | -5/Factory | Lost 6 parts (2n3u1w) 13577 | -5/Factory | Destroyed by H-66 Slayer with Gauss Rifle Last Messages --------------- 13555_ Penetrated by Slug. 13555_ VTOL Module destroyed. 13555_ Acquired 12 matter. 13555_ K-01 Serf collects debris. 13556_ Acquired 17 matter. 13556_ K-01 Serf collects debris. 13558_ U-05 Engineer destroyed. 13564_ System corrupted: Matter fused (-7). 13573_ >> Machine Analyzer network decryption results: 13573_ Garrison Access x2 13574_ Penetrated by Slug. 13574_ VTOL Module destroyed. 13576_ Penetrated by Slug. 13576_ VTOL Module destroyed. 13577_ P-70 Sage resets G-50 Soldier, system corruption cleaned. 13577_ Penetrated by Slug. [Achievement: I Was Wrong!] [Achievement: Collector] Map ----- +----------------------------------------------------+ | ????????????????????????? " " " " " #??????????? | | ????????????????????????# " " " " " #??????????? | | ????????????????????????# " " " " " #??????????? | | ????????????????????????# " " " " " #??????????? | | ????????????????????????# " " " " " ""#??????????? | | ????????????????????????# " " " " " T"#??????????? | | ????????????????????????# " " " " " ""#??????????? | | ????????????????????????# #??????????? | | ????????????????????????#######+#######??????????? | | ????????????????????????####### #????????????? | | ????????????????????????# # #????????????? | | ???????????# ?????????? # / ########?????? | | ???????????# ?????"? # # # ????? | | ???????????# ????"" # ??# # ???? | | ???????????# """ # ??# # """ """???? | | ???????????# # ?# # """ """ ??? | | ???????????# """"" # ?# # """ """ # | | ???????????# """"" # # # ? | | ???????????# """ # # + """ """ ??? | | ???????????? # + # """ """ !# | | ?????????????? ?# # # """ """ # | | ???????????????? ???# # # # | | #????????#########+############ # # | | ????????# hhRt # # | | ????????# ############## | | +???????# !!= @ #????????????? | | #???????+ !!= #????????????? | | #???????# !!=p g g g k #????????????? | | #???????# #############+####????????????? | | ######### [#???????????? ???????????????? | | [#???????????? """?????????????? | | #???????????? """?????????????? | | #???????????? """?????????????? | | "" #???????????? ???????????????? | | "" #???????????? ???????????????? | | ###+##### """ #???????????? ???????????????? | | # T ## """ #??????????""?""??????????????? | | + ## """ #??????????""G""??????????????? | | # ## #?????????????????????????????? | | # | ## #??##############?????????????? | | # ## #??# #?????????????? | | # """ ## !! #??# #?????????????? | | ## """ ## !! #??# #?????????????? | | ?# """ ## #### #?????????????? | | ?# ## # " #?????????????? | | ?# """ ## # #?????????????? | | ?# """ + + #?????????????? | | ?# """ ## # #?????????????? | | ?# ## # #?????????????? | | ?# ########## ## ! #?????????????? | +----------------------------------------------------+ Best States ------------- Heat Dissipation 78 Energy Generation 29 Energy Capacity 315 Matter Stores 450 Matter Capacity 450 Sight Range 21 Robot Scan Range 16 Terrain Scan Density 10 ECM Strength 1 Power Amplification 20 Armor Coverage 225 Evasion (%) 65 Core Analysis 8 Recoil Reduction 2 Offensive Hacking 28 Defensive Hacking 10 Trap Extractor Capacity 8 Item Schematics ----------------- Lgt. Armored Exoskeleton | -7/Recycling | Hacked Robot Schematics ------------------ None Fabricated ------------ Nothing Repaired ---------- Lgt. Treads | 17% | -10/Materials Lgt. Nuclear Core | 42% | -10/Materials Alien Tech Used ----------------- None Achievements -------------- Collector I Was Wrong! Challenges ------------ None Game ------ Seed AlertRelayKinecellerator Manual? 0 Play Time 02:16:21 Cumulative 300.0 hours Start 2025.09.05 @ 17:42:26 End 2025.09.05 @ 21:28:11 Sessions 3 Manual Loads 0 Difficulty Rogue Special Mode None Game No. 208 Rogue 208 Adventurer 0 Explorer 0 Win Type - Total 3 Types 3/0/0/0/0/0/0/0/0/0 Lore% 75 Gallery% 75 Achievement% 61 Wizard Run 0 Options --------- Layout 1 ASCII 0 Keyboard 0 Movement Mouse Keybinds 0 Fullscreen 1 Font 32/SmallcapsGlow Map View 50x35 Zoom Use 0% Tactical HUD 1 Map Filters NONE Filters NONE Steam 1 RUN: 9f8e2281-d731-45f4-91aa-694000cdf3df